 Dungeon Crawl Stone Soup version 0.31-a0-1469-gd420192249 (webtiles) character file.

Game seed: 1730977174167359293

378 BigPumpCobain the Cudgeller (level 6, -2/56 HPs)
             Began as a Minotaur Berserker on Dec 29, 2023.
             Was a Priest of Trog.
             Slain by a gnoll
             ... wielding a +0 spear
             ... led by a gnoll bouda
              (5 damage)
             ... on level 3 of the Dungeon.
             The game lasted 00:03:03 (2312 turns).

BigPumpCobain the Cudgeller (Minotaur Berserker)    Turns: 2312, Time: 00:03:03

Health: -2/56      AC: 16    Str: 23    XL:     6   Next: 45%
Magic:  5/5        EV:  9    Int:  4    God:    Trog [***...]
Gold:   187        SH:  0    Dex: 10    Spells: 5/5 levels left

rFire   . . .        e - +0 mace (protect)
rCold   . . .        (no shield)
rNeg    . . .        c - +0 chain mail
rPois   .            (helmet restricted)
rElec   .            (no cloak)
rCorr   .            (no gloves)
SInv    .            (no boots)
Will    .....        (no amulet) Stlth
                     (no ring)
HPRegen 0.29/turn    (no ring)
MPRegen 0.09/turn

%: no passive effects
@: under a protective aura, on berserk cooldown, slowed, very slow
A: horns 2, retaliatory headbutt
a: Renounce Religion, Berserk, Trog's Hand


You were on level 3 of the Dungeon.
You worshipped Trog.
Trog was most pleased with you.
You visited 1 branch of the dungeon, and saw 3 of its levels.

You collected 187 gold pieces.

Inventory:

Hand Weapons
 e - a +0 mace of protection (weapon)
Armour
 c - a +0 chain mail (worn)
Jewellery
 a - a ring of fire
Scrolls
 b - a scroll of summoning
 d - a scroll of amnesia
 i - a scroll of teleportation {unknown}
 j - a scroll of immolation {unknown}
 k - a scroll of enchant weapon {unknown}
 l - a scroll of noise {unknown}
 m - a scroll of identify
 n - a scroll of fog {unknown}
Potions
 f - a potion of haste {unknown}
 g - a potion of degeneration {unknown}
 h - a potion of heal wounds {unknown}


   Skills:
 + Level 5.3 Fighting
 * Level 6.7 Maces & Flails
 + Level 4.6 Armour
 - Level 2.1 Dodging


You had 5 spell levels left.
You didn't know any spells.
Your spell library was empty.

Dungeon Overview and Level Annotations

Branches:
Dungeon (3/15)

Altars:
Elyvilon
Okawaru


Innate Abilities, Weirdness & Mutations

You have a pair of horns on your head.
You reflexively headbutt those who attack you in melee.


Message History

You are too injured to fight recklessly!
You are too injured to fight recklessly!
You are too injured to fight recklessly!
You are too injured to fight recklessly!
Okay, then.
The gnoll is no longer moving quickly.
The centaur wields a +0 shortbow.
The centaur shoots an arrow.
The arrow barely misses you. The gnoll hits you but does no damage.
The gnoll hits you from afar with a +0 halberd.
The gnoll hits you from afar with a +0 spear.
The centaur shoots an arrow.
The arrow hits you. The gnoll misses you.
The gnoll hits you but does no damage. The gnoll barely misses you.
The centaur unwields a +0 shortbow.
The centaur hits you.
The centaur kicks you but does no damage.
You sock the centaur!
The centaur is severely wounded.
Your skin stops crawling.
You feel less strong-willed.
The centaur hits you but does no damage.
The centaur barely misses you.
The gnoll hits you from afar with a +0 halberd.
* * * LOW HITPOINT WARNING * * *
The gnoll closely misses you. The centaur barely misses you.
The centaur kicks you but does no damage.
The gnoll hits you from afar with a +0 halberd!
* * * LOW HITPOINT WARNING * * *
The gnoll hits you from afar with a +0 halberd.
* * * LOW HITPOINT WARNING * * *
You hit the centaur. Your headbutt misses the centaur.
The centaur is almost dead.
The centaur barely misses you. You furiously retaliate!
You headbutt the centaur.
You kill the centaur!
Trog accepts your kill. The gnoll closely misses you.
The gnoll hits you from afar with a +0 halberd.
* * * LOW HITPOINT WARNING * * *
The gnoll is no longer moving quickly.
The gnoll hits you from afar with a +0 spear.
You die...

#.############.#.##
######'#............#..#
#........#############.#
#........#### #.#
#.......รท...# #.#
#.....###...# ##.#
#.....# #...# #..#
#.....###...############
####.....##8..@8#8.!.8#
#........##.....#....!#
#######.###.._..gg.[..#
#.# #.....#....?#
#.###8...8#8.?.8#
#..###...######## ##.#
#...# #.###...#
#.......#


You could see 2 gnolls.

Vanquished Creatures
  A centaur (D:3)
  A gnoll bouda (D:3)
  Natasha (thrice) (D:2)
  Robin (D:2)
  3 gnolls
  7 adders
  3 orcs (D:3)
  2 endoplasms
  A giant cockroach (D:1)
  15 goblins
  13 hobgoblins
  9 jackals (D:1)
  6 kobolds
  7 quokkas
  6 ball pythons
  3 bats
  7 frilled lizards
  3 rats
91 creatures vanquished.

Notes
Turn   | Place    | Note
-------+----------+-------------------------------------------
     0 | D:1      | BigPumpCobain the Minotaur Berserker began the quest for
                  | the Orb.
     0 | D:1      | Reached XP level 1. HP: 19/19 MP: 0/0
    42 | D:1      | Found a faded altar of an unknown god.
   109 | D:1      | Reached skill level 4 in Maces & Flails
   109 | D:1      | Reached XP level 2. HP: 25/27 MP: 1/1
   250 | D:1      | Reached ** piety under Trog
   251 | D:1      | Reached XP level 3. HP: 33/33 MP: 2/2
   763 | D:2      | Noticed Robin
   779 | D:2      | Reached skill level 5 in Maces & Flails
   779 | D:2      | Reached XP level 4. HP: 23/40 MP: 3/3
   780 | D:2      | Killed Robin
   964 | D:2      | Noticed Natasha
   973 | D:2      | Killed Natasha
   980 | D:2      | Noticed Natasha
   985 | D:2      | Killed Natasha
   986 | D:2      | Reached XP level 5. HP: 22/47 MP: 4/4
  1093 | D:2      | Reached *** piety under Trog
  1109 | D:2      | Noticed Natasha
  1120 | D:2      | Killed Natasha
  1478 | D:3      | Reached skill level 6 in Maces & Flails
  1687 | D:3      | Found a white marble altar of Elyvilon.
  1796 | D:3      | Reached skill level 5 in Fighting
  1975 | D:3      | Found an iron altar of Okawaru.
  1975 | D:3      | Found a runed translucent door.
  1983 | D:3      | Noticed a centaur
  1984 | D:3      | Found the +0 toga "Victory" {*Victory Clar}
  2299 | D:3      | Reached XP level 6. HP: 56/56 MP: 5/5
  2312 | D:3      | Slain by a gnoll

Illustrated notes

Levels and vault maps discovered:
D:1:      lightli_arrival_windingriver, layout_loops_ring,
          shapermc_ecumenical_altar_rom_forum, minmay_tetromino_o4
D:2:      layout_rooms, glass_columns_c, uniq_natasha, uniq_robin
D:3:      layout_basic, nicolae_overflow_guarded_unrand_okawaru_victory,
          nicolae_elyvilon_temple_path

Skill      XL: |  1  2  3  4  5 |
---------------+----------------+-----
Maces & Flails | 4 5 6 |  6.7
Fighting       | 4 5 |  5.3
Armour         | 3 4 |  4.6
Dodging        | |  2.1

Action                     |  1- 3 |  4- 6 || total
---------------------------+-------+-------++-------
  Melee: Mace              |    80 |   104 ||   184
         Headbutt          |     8 |    17 ||    25
         Punch             |     1 |     1 ||     2
 Invoke: Berserk           |       |     1 ||     1
         Trog's Hand       |       |     1 ||     1
    Use: Scroll            |     2 |     1 ||     3
 Armour: Animal skin       |    33 |       ||    33
         Chain mail        |    25 |   111 ||   136
  Dodge: Dodged            |    64 |    65 ||   129

Table legend: (Time is in decaauts)
 A = Elapsed time spent in this place.
 B = Non-inter-level travel time spent in this place.
 C = Inter-level travel time spent in this place.
 D = Time resting spent in this place.
 E = Time spent auto-exploring this place.
 F = Levels seen in this place.
 G = Mean time per level.
                   A        B        C        D        E       F      G
               +--------+--------+--------+--------+--------+-----+--------+
         Total |   2336 |   2301 |     35 |      0 |   1873 |   3 |  778.7 |
       Dungeon |   2336 |   2301 |     35 |      0 |   1873 |   3 |  778.7 |
               +--------+--------+--------+--------+--------+-----+--------+

Top non-repeatable levels by time:
     D:3: 854 daAuts
     D:1: 751 daAuts
     D:2: 730 daAuts
